 Dungeon Crawl Stone Soup version 0.21-a0-496-g696f58f (webtiles) character file.

3030 torrenera the Carver (level 9, -2/68 HPs)
             Began as a Demonspawn Fighter on Nov 23, 2017.
             Was a Follower of Qazlal.
             Slain by a two-headed ogre
             ... wielding a +0 giant spiked club
              (27 damage)
             ... on level 8 of the Dungeon.
             The game lasted 00:20:44 (9907 turns).

torrenera the Carver (Demonspawn Fighter)           Turns: 9907, Time: 00:20:45

Health: -2/68      AC:  9    Str: 20    XL:     9   Next: 56%
Magic:  9/9        EV:  8    Int:  9    God:    Qazlal [*.....]
Gold:   289        SH: 11    Dex: 13    Spells: 8/8 levels left

rFire    . . .     SeeInvis .   a - +0 long sword
rCold    . . .     Gourm    .   c - +0 shield
rNeg     . . .     Faith    .   I - +0 chain mail
rPois    .         Spirit   .   (helmet restricted)
rElec    .         Reflect  .   (no cloak)
rCorr    .         Harm     .   (no gloves)
MR       .....                  (no boots)
Stlth    ..........             (no amulet)
HPRegen  0.21/turn              z - +3 ring of evasion
MPRegen  0.11/turn              (no ring)

@: no status effects
A: antennae 2, claws 1, hooves 1
a: Renounce Religion


You were on level 8 of the Dungeon.
You worshipped Qazlal.
Qazlal was aware of your devotion.
You were hungry.

You visited 2 branches of the dungeon, and saw 9 of its levels.

You collected 289 gold pieces.

Inventory:

Hand Weapons
 a - a +0 long sword (weapon)
 E - a +1 blowgun
 H - a cursed -1 rapier
Missiles
 e - 169 stones
 o - 8 javelins (quivered)
 v - 39 poisoned needles
Armour
 c - a +0 shield (worn)
 I - a +0 chain mail (worn)
Jewellery
 z - a +3 ring of evasion (left claw)
Wands
 j - a wand of enslavement (6)
 y - a wand of polymorph (8)
 K - a wand of random effects (31)
 M - a wand of clouds (5)
 N - a wand of scattershot (5)
Scrolls
 h - 5 scrolls of teleportation
 i - 4 scrolls of identify
 k - 2 scrolls of enchant weapon
 m - a scroll of fog {unknown}
 n - 2 scrolls of enchant armour {unknown}
 q - 3 scrolls of remove curse
 B - a scroll of fear {unknown}
 C - a scroll of magic mapping {unknown}
 J - a scroll of brand weapon {unknown}
Potions
 b - a potion of berserk rage {unknown}
 d - 2 potions of might
 g - a potion of lignification
 l - 4 potions of curing
 p - a potion of invisibility
 r - a potion of flight
 s - a potion of mutation {unknown}
 t - 2 potions of ambrosia
 u - 2 potions of brilliance
 w - a potion of heal wounds
 A - 2 potions of agility
 D - a potion of resistance
Books
 F - a book of Minor Magic

   Spells                             Type                      Level
   a - Magic Dart                     Conjuration                  1
   b - Blink                          Translocation                2
   c - Call Imp                       Summoning                    2
   d - Slow                           Hexes                        2
   e - Conjure Flame                  Conjuration/Fire             3
   f - Mephitic Cloud                 Conjuration/Poison/Air       3
Comestibles
 f - 6 bread rations
 x - 5 meat rations
 G - 2 royal jellies


   Skills:
 * Level 5.3 Fighting
 - Level 11.0 Long Blades
 + Level 4.6 Armour
 - Level 2.6 Shields


You had 8 spell levels left.
You didn't know any spells.

Dungeon Overview and Level Annotations

Branches:
Dungeon (8/15)             Temple (1/1) D:5
   Lair: D:8-11

Altars:
Ashenzari
Cheibriados
Dithmenos
Elyvilon
Fedhas
Gozag
Hepliaklqana
Kikubaaqudgha
Makhleb
Nemelex Xobeh
Qazlal
Ru
Sif Muna
Uskayaw
Vehumet
Wu Jian
Xom
Yredelemnul
Zin
The Shining One

Shops:
D:5 (   D:6 ?

Annotations:
D:8 Maurice


Innate Abilities, Weirdness & Mutations

You have a pair of antennae on your head.
You have sharp fingernails.
You have large cloven feet.


Message History

The two-headed ogre is lightly wounded.
The two-headed ogre barely misses you. You block the two-headed ogre's attack.
You slash the two-headed ogre!
You kick the two-headed ogre, but do no damage.
The two-headed ogre is moderately wounded.
The two-headed ogre hits you with a giant spiked club.
The two-headed ogre misses you.
You hit the two-headed ogre. You kick the two-headed ogre.
The two-headed ogre is moderately wounded.
You hit the two-headed ogre but do no damage.
You kick the two-headed ogre, but do no damage.
The two-headed ogre is moderately wounded.
The two-headed ogre is engulfed in blazing flames.
The two-headed ogre hits you with a giant spiked club!!
The two-headed ogre hits you with a giant club!!
You slash the two-headed ogre!
The two-headed ogre is severely wounded.
The two-headed ogre is engulfed in blazing flames.
The two-headed ogre hits you with a giant spiked club!!
You die...

# #...# #......## ### # #.#.#
#...#.#.# #.. # #.#.# #.....#.#
#.# # #.#.# #.#.#.#.# #.# ####
#...#######.##...# #.# ...#
###.........##...## #.# ##.#
#####.#####.....## #.## ##.#
##.#.# ##.......#####..##
##.######....###@O..((.(........#
......)........'.(...............
##.######....###..........###...#
##.# ####.#.# ##.......#.# #..##
...# #......# ##.....##.# ##.#
#### #.###### ##...###.####.# #
#.# ##+## #......# # #.# #.#
######.# # ##.######## #.# #.#


You could see a two-headed ogre.

Vanquished Creatures
  The ghost of noon the Caller, a novice TeSu of Sif Muna (D:6)
  2 hippogriffs
  Eustachio (D:6)
  Edmund (D:5)
  A phantom (D:6)
  3 ogres (D:8)
  2 centaurs (D:7)
  2 bullfrogs
  A scorpion (D:7)
  6 killer bees (D:7)
  3 howler monkeys
  5 crimson imps
  5 hounds
  A jelly (D:7)
  2 orc priests
  2 orc wizards
  2 bullfrog skeletons
  An iguana (D:5)
  Natasha (thrice) (D:2)
  5 worker ants
  2 hound zombies (D:7)
  A hound skeleton (D:6)
  Robin (D:2)
  7 gnolls (D:2)
  9 adders
  3 oozes
  4 worms
  A dart slug (D:1)
  6 leopard geckos
  13 orcs
  6 giant cockroaches
  12 hobgoblins
  5 jackals
  3 quokkas
  2 ball pythons
  11 bats
  6 frilled lizards
  20 goblins
  6 kobolds
  12 rats
179 creatures vanquished.

Vanquished Creatures (others)
  3 killer bees (D:7)
3 creatures vanquished.

Grand Total: 182 creatures vanquished

Notes
Turn   | Place    | Note
-------+----------+-------------------------------------------
     0 | D:1      | torrenera the Demonspawn Fighter began the quest for the Orb.
     0 | D:1      | Reached XP level 1. HP: 18/18 MP: 1/1
   121 | D:1      | Reached skill level 2 in Long Blades
   229 | D:1      | Gained mutation: You have large cloven feet. [demonic ancestry]
   229 | D:1      | Reached XP level 2. HP: 24/24 MP: 2/2
   430 | D:1      | Reached skill level 3 in Long Blades
   613 | D:1      | Reached XP level 3. HP: 26/29 MP: 3/3
   791 | D:2      | Found a blossoming altar of Fedhas.
  1103 | D:2      | Reached skill level 4 in Long Blades
  1103 | D:2      | Gained mutation: You have a pair of small antennae on your head. [demonic ancestry]
  1103 | D:2      | Reached XP level 4. HP: 33/35 MP: 4/4
  1521 | D:2      | Noticed Robin
  1581 | D:2      | Killed Robin
  1615 | D:2      | Reached XP level 5. HP: 37/41 MP: 5/5
  1903 | D:2      | Reached skill level 5 in Long Blades
  1984 | D:2      | Noticed Natasha
  1997 | D:2      | Killed Natasha
  2283 | D:2      | Found a deep blue altar of Sif Muna.
  2314 | D:2      | Noticed Natasha
  2322 | D:2      | Killed Natasha
  2415 | D:2      | Noticed Natasha
  2421 | D:2      | Killed Natasha
  2691 | D:3      | Gained mutation: You have sharp fingernails. [demonic ancestry]
  2691 | D:3      | Reached XP level 6. HP: 47/47 MP: 6/6
  2824 | D:3      | Reached skill level 6 in Long Blades
  3000 | D:3      | Found an ornate altar of the Wu Jian Council.
  3477 | D:4      | Found a white marble altar of Elyvilon.
  3530 | D:4      | Found a basalt altar of Yredelemnul.
  4397 | D:5      | Entered Level 5 of the Dungeon
  4427 | D:5      | Reached skill level 7 in Long Blades
  4427 | D:5      | Reached XP level 7. HP: 27/52 MP: 7/7
  4610 | D:5      | Found Ziazaj's Antique Weapon Boutique.
  4657 | D:5      | Found a shadowy altar of Dithmenos.
  4955 | D:5      | Noticed Edmund
  4974 | D:5      | Killed Edmund
  5377 | D:5      | Found a staircase to the Ecumenical Temple.
  5421 | Temple   | Entered the Ecumenical Temple
  5467 | Temple   | Became a worshipper of Qazlal Stormbringer
  5780 | D:6      | Found a burning altar of Makhleb.
  5780 | D:6      | Found a radiant altar of Vehumet.
  5859 | D:6      | Noticed noon's ghost (novice TeSu)
  5894 | D:6      | Killed noon's ghost
  5894 | D:6      | Reached skill level 8 in Long Blades
  5894 | D:6      | Gained mutation: You have a pair of antennae on your head. [demonic ancestry]
  5894 | D:6      | Reached XP level 8. HP: 47/58 MP: 8/8
  6214 | D:6      | Reached skill level 9 in Long Blades
  6513 | D:6      | Found Esirapu's Magic Scroll Shop.
  6631 | D:6      | Noticed Eustachio
  6869 | D:6      | Killed Eustachio
  7031 | D:7      | Found a snail-covered altar of Cheibriados.
  7384 | D:7      | Reached skill level 10 in Long Blades
  7718 | D:7      | Found an ancient bone altar of Kikubaaqudgha.
  7744 | D:7      | Reached * piety under Qazlal
  8281 | D:7      | Reached XP level 9. HP: 58/63 MP: 9/9
  8311 | D:7      | Reached skill level 11 in Long Blades
  8652 | D:8      | Noticed Maurice
  9567 | D:8      | Reached skill level 5 in Fighting
  9898 | D:8      | Noticed a two-headed ogre
  9907 | D:8      | Slain by a two-headed ogre

Vault maps used:
D:1:      tarquinn_simple_flora_water_b, hangedman_feature_mirror
D:2:      old_standard_altar, lemuel_blue_sif_altar, uniq_robin, uniq_natasha
D:3:      nicolae_overflow_crystal_walls
D:4:      kennysheep_ying_yang, first_bread
D:5:      grunt_dithmenos_smoke_and_mirrors, minmay_temple_entry_butterflies,
          serial_shops, shop, kennysheep_crisscross,
          corexii_hall_statues_deadend, minmay_misc_feat_tiny, uniq_edmund
D:6:      grunt_temple_overflow_lords_of_destruction, serial_shops,
          nicolae_shop_trees, uniq_eustachio
D:7:      cheibriados_altar_1, kiku_gazebo_garden_becter
D:8:      nicolae_underground_beach, uniq_maurice
Temple:   jpeg_temple_alley_garden

Skill      XL: |  1  2  3  4  5  6  7  8  9 |
---------------+----------------------------+-----
Long Blades    | 2 3 4 5 7 8 10 11 | 11.0
Armour         | 4 |  4.6
Fighting       | 5 |  5.3
Shields        | |  2.6

Action                   |  1- 3 |  4- 6 |  7- 9 || total
-------------------------+-------+-------+-------++-------
Melee: Long sword        |   126 |   213 |   407 ||   746
       Kick              |    21 |    65 |   122 ||   208
Throw: Stone             |       |       |    29 ||    29
       Javelin           |       |       |     6 ||     6
Evoke: Wand              |       |       |     7 ||     7
  Use: Scroll            |       |       |    13 ||    13
       Potion            |       |       |     1 ||     1
  Eat: Chunk             |     1 |    10 |    18 ||    29
Armor: Scale mail        |    66 |    79 |    50 ||   195
       Chain mail        |       |       |    92 ||    92
       Skin              |       |       |    14 ||    14
Dodge: Dodged            |    26 |    67 |   106 ||   199
Block: Shield            |    67 |   120 |   196 ||   383
       Rpst.: Long sword |    11 |    17 |    30 ||    58

Table legend:
 A = Spawn XP
 B = Non-spawn XP
 C = Spawn XP percentage of total XP
 D = Spawn monster count
 E = Non-spawn monster count
 F = Spawn count percentage of total count
 G = Total turns spent on level
                    A         B        C        D         E        F      G
               +---------+---------+-------+---------+---------+-------+---------
         Total |       0 |    4329 |   0.0 |       0 |     181 |   0.0 |  9907
               +---------+---------+-------+---------+---------+-------+---------
           D:1 |       0 |      54 |   0.0 |       0 |      31 |   0.0 |   923
           D:2 |       0 |     299 |   0.0 |       0 |      44 |   0.0 |  1672
           D:3 |       0 |     130 |   0.0 |       0 |      23 |   0.0 |   850
           D:4 |       0 |     186 |   0.0 |       0 |      13 |   0.0 |   952
           D:5 |       0 |     366 |   0.0 |       0 |       9 |   0.0 |  1353
           D:6 |       0 |     948 |   0.0 |       0 |      14 |   0.0 |  1354
           D:7 |       0 |    1449 |   0.0 |       0 |      32 |   0.0 |  1683
           D:8 |       0 |     897 |   0.0 |       0 |      15 |   0.0 |  1030
               +---------+---------+-------+---------+---------+-------+---------
